Map: [ESL] Tropical Sacrifice

Players

Zoun - Winner!

  • Race: Protoss Protoss
  • Spawn Location: 7:00

LiquidElazer (Elazer)

  • Race: Zerg Zerg
  • Spawn Location: 1:00

Event: HomeStory Cup XXI

VOD

Have the link to the VOD?

Description

Time

  • Played on: July 23, 2022, 6:28 p.m.
  • Length: 10:40

All games in this series

Show
View Real Time Build Order
Export as new Build Order

Zoun Protoss - Winner!

Build Orders: 1 Gate Expand 

Get SALT Encoding   

  12  0:00  Probe  
  13  0:12  Probe  
  14  0:20  Pylon  
  14  0:24  Probe  
  15  0:38  Probe (Chrono Boost)  
  15  0:41  Gateway  
  16  0:47  Probe (Chrono Boost)  
  17  0:51  Assimilator  
  17  0:52  Probe (Chrono Boost)  
  18  1:04  Probe  
  19  1:16  Probe  
  20  1:28  Nexus  
  20  1:39  Cybernetics Core  
  20  1:41  Probe  
  21  1:49  Assimilator  
  21  1:53  Probe  
  22  1:57  Pylon  
  22  2:05  Probe  
  23  2:13  Adept (Chrono Boost)  
  23  2:17  Warp Gate  
  23  2:18  Probe  
  26  2:26  Robotics Facility  
  26  2:32  Probe (Chrono Boost)  
  26  2:36  Stalker  
  29  2:41  Probe (Chrono Boost)  
  30  2:46  Probe (Chrono Boost)  
  32  2:52  Probe (Chrono Boost)  
  32  2:53  Probe (Chrono Boost)  
  32  2:57  Probe (Chrono Boost)  
  33  3:00  Twilight Council  
  33  3:04  Probe  
  35  3:11  Probe  
  36  3:16  Warp Prism  
  36  3:18  Probe  
  39  3:23  Probe  
  40  3:27  Gateway  
  40  3:31  Adept  
  42  3:35  Resonating Glaives (Chrono Boost)  
  42  3:36  Pylon  
  42  3:46  Probe x2  
  44  3:51  Gateway  
  44  3:52  Observer  
  44  3:53  Gateway  
  45  4:06  Gateway  
  45  4:07  Gateway  
  45  4:09  Adept  
  47  4:12  Pylon  
  47  4:14  Probe x2  
  50  4:22  Adept  
  51  4:25  Pylon  
  51  4:30  Probe x2  
  53  4:33  Adept  
  55  4:45  Observer, Adept x2  
  59  4:47  Adept  
  61  4:54  Shield Battery  
  61  4:55  Adept, Assimilator  
  63  5:01  Pylon, Adept x2  
  66  5:08  Observer  
  67  5:18  Pylon  
  67  5:19  Robotics Bay  
  67  5:24  Probe  
  67  5:25  Probe  
  69  5:28  Adept  
  69  5:29  Adept x3  
  69  5:35  Pylon  
  77  5:51  Adept x4  
  85  6:03  Pylon  
  85  6:04  Pylon  
  79  6:08  Probe  
  76  6:16  Probe  
  73  6:19  Adept x2  
  73  6:20  Adept x4  
  73  6:22  Disruptor  
  74  6:34  Probe x2  
  74  6:36  Assimilator  
  72  6:47  Gravitic Drive  
  72  7:01  Adept x6  
  72  7:06  Nexus  
  72  7:07  Disruptor (Chrono Boost), Pylon  
  75  7:22  Adept x6  
  85  7:27  Blink  
  87  7:37  Shield Battery  
  87  7:38  Probe x2  
  87  7:42  Adept  
  87  7:43  Adept x2  
  95  7:48  Pylon  
  95  7:52  Probe  
  95  7:57  Probe  
  95  8:04  Probe  
  96  8:10  Disruptor (Chrono Boost)  
  90  8:23  Probe  
  87  8:31  Gateway  
  87  8:33  Gateway  
  83  8:35  Stalker x5  
  83  8:39  Disruptor (Chrono Boost)  
  92  8:52  Observer  
  90  8:59  Stalker x5  
  98  9:03  Observer  
  98  9:07  Assimilator  
  98  9:09  Warp Prism (Chrono Boost)  
  100  9:10  Stalker  
  100  9:15  Pylon  
  102  9:25  Stalker x3  
  102  9:26  Stalker  
  110  9:33  Stalker x2  
  114  9:45  Stalker x2  
  118  9:57  Stalker x4  
  126  10:01  Stalker  
  128  10:16  Stalker x2  
  130  10:26  Stalker x5  
Show
View Real Time Build Order
Export as new Build Order

LiquidElazer Zerg 

Build Orders: Hatch First 

Get SALT Encoding   

  12  0:00  Drone  
  13  0:12  Overlord  
  13  0:17  Drone  
  14  0:31  Drone x2  
  16  0:50  Hatchery  
  16  0:52  Drone  
  16  0:56  Drone  
  17  1:00  Drone  
  18  1:10  Extractor  
  17  1:15  Spawning Pool  
  16  1:19  Drone  
  16  1:23  Drone  
  18  1:29  Drone  
  19  1:39  Drone  
  20  1:49  Overlord  
  20  2:02  Queen  
  20  2:05  Queen  
  20  2:06  Drone, Zergling x2  
  26  2:13  Drone x2  
  26  2:15  Metabolic Boost  
  28  2:22  Zergling x2  
  29  2:23  Drone  
  30  2:33  Drone x2  
  32  2:41  Queen  
  34  2:44  Overlord  
  34  2:46  Drone  
  35  2:57  Hatchery  
  34  3:00  Drone  
  34  3:01  Drone  
  36  3:07  Queen  
  36  3:09  Drone  
  39  3:13  Drone x2  
  39  3:15  Drone  
  42  3:24  Queen  
  42  3:27  Overlord  
  43  3:29  Overlord  
  43  3:34  Spore Crawler, Drone  
  43  3:45  Drone  
  43  3:46  Queen, Drone x2  
  48  3:49  Drone x3  
  51  3:56  Drone x4  
  51  4:02  Queen  
  55  4:05  Overlord  
  57  4:10  Roach Warren  
  57  4:13  Zergling x4  
  58  4:17  Zergling x6  
  58  4:21  Zergling x2  
  58  4:22  Zergling x4  
  58  4:24  Zergling x2  
  65  4:28  Zergling x8  
  69  4:33  Spore Crawler  
  69  4:34  Zergling x4  
  69  4:35  Zergling x2  
  71  4:42  Overlord  
  71  4:45  Drone x2  
  73  4:57  Overlord  
  73  5:00  Overlord  
  73  5:01  Drone x8  
  81  5:10  Overlord  
  81  5:11  Lair  
  81  5:14  Queen  
  81  5:16  Queen  
  81  5:20  Drone x5  
  81  5:21  Drone  
  91  5:27  Overlord  
  93  5:28  Roach x2  
  93  5:31  Roach x2  
  93  5:33  Roach  
  93  5:35  Roach  
  103  5:41  Roach  
  105  5:48  Roach, Zergling x14  
  112  5:56  Queen  
  110  6:03  Zergling x14  
  101  6:06  Queen  
  98  6:17  Roach x2  
  95  6:22  Zergling x8  
  94  6:28  Zergling x2  
  94  6:29  Zergling x4  
  94  6:34  Drone x2  
  94  6:37  Drone x4  
  95  6:53  Drone x3  
  89  7:01  Drone x3  
  89  7:08  Drone x3  
  94  7:16  Drone  
  94  7:20  Drone x8  
  94  7:22  Extractor  
  102  7:23  Drone, Extractor  
  102  7:30  Drone  
  102  7:32  Drone x2  
  102  7:33  Glial Reconstitution  
  102  7:35  Extractor  
  104  7:37  Evolution Chamber  
  104  7:38  Extractor  
  104  7:40  Extractor, Drone  
  104  7:42  Overlord, Hatchery  
  104  7:43  Drone  
  102  7:46  Drone x3  
  105  8:11  Zergling x16  
  97  8:17  Roach x6  
  100  8:22  Zergling x2  
  100  8:23  Zergling x10  
  96  8:29  Zergling x4  
  91  8:38  Overlord  
  89  8:42  Spire, Drone x3  
  89  8:45  Drone x3  
  89  8:54  Drone x4  
  85  9:01  Drone  
  86  9:06  Drone x3  
  89  9:12  Drone x3  
  89  9:15  Drone x2  
  94  9:21  Drone x2  
  97  9:24  Drone  
  97  9:25  Drone  
  97  9:26  Drone  
  97  9:30  Drone  
  100  9:34  Drone x2  
  101  9:39  Drone x2  
  101  9:40  Ravager x2  
  101  9:41  Ravager  
  101  9:42  Ravager x2  
  104  9:53  Roach x4  
  104  9:59  Roach x2  
  111  10:00  Roach  
  111  10:05  Roach  
  111  10:06  Roach  
  113  10:16  Roach x5  
Tags
 
Add a new tag
Caveats
  • Supply blocks, unpowered buildings, or Contaminate may cause inaccurate times.
  • Supply counts are checked every 10 seconds.